AoeStats
← 白给连狙

Arena

508043764Analyzed
3v3 RM · 13d ago on Sep 20, 2026· 50m 16s· 6 players
Game mode
Random Map
Map size
Normal (6 player)
Population
200
Speed
Normal
Resources
Standard
Victory
Conquest
Starting age
Dark Age
Ending age
Imperial Age
RankedLock teamsTeams togetherTeam positionsShared explorationLock speedFull tech treeHidden civsTurbo modeCheats
Victory
Defeat
🇧🇷 Vikings · Brazil
835
+15
🇧🇷 Persians · Brazil
832
+15
🇧🇷 Khmer · Brazil
816
+16
🇨🇳 Mongols · China
831
-15
🇹🇷 Bohemians · Türkiye
816
-16
🇹🇷 Persians · Türkiye
808
-15
camper
0:39 Loom
12:41 Feudal Age
13:58 Wheelbarrow
13:08 Horse Collar
13:18 Double-Bit Axe
19:40 Castle Age
23:13 Bow Saw
24:26 Heavy Plow
25:10 Hand Cart
27:42 Fervor
28:46 Fortified Wall
29:29 Guard Tower
30:53 Murder Holes
35:34 Imperial Age
33:45 Ballistics
35:39 Chemistry
37:03 Padded Archer Armor
36:53 Fletching
37:56 Keep
40:22 Leather Archer Armor
40:04 Bodkin Arrow
40:37 Onager
43:15 Two-Man Saw
42:38 Conscription
43:26 Ring Archer Armor
43:27 Pikeman
44:08 Squires
43:53 Arson
44:12 Bracer
44:14 Scale Mail Armor
44:09 Town Watch
44:10 Treadmill Crane
44:57 Halberdier
45:55 Chain Mail Armor
45:46 Scale Barding Armor
45:08 Elite Hussite Wagon
47:38 Plate Mail Armor
47:19 Forging
48:42 Caravan
49:12 Coinage
49:37 Chain Barding Armor
白给连狙
10:11 Feudal Age
12:56 Wheelbarrow
14:33 Castle Age
13:36 Stone Mining
13:45 Double-Bit Axe
14:16 Horse Collar
15:53 Stone Mining
22:25 Bow Saw
22:15 Loom
23:17 Heavy Plow
26:03 Gold Mining
26:55 Wheelbarrow
26:07 Town Watch
27:31 Scale Barding Armor
27:58 Scale Barding Armor
27:43 Fletching
27:54 Padded Archer Armor
28:12 Hand Cart
29:09 Bodkin Arrow
30:06 Chain Barding Armor
31:32 Ballistics
33:17 Husbandry
33:28 Bloodlines
38:04 Imperial Age
36:09 Leather Archer Armor
35:56 Caravan
38:00 Light Cavalry
38:36 Elite Mangudai
Crecht
11:42 Feudal Age
12:39 Double-Bit Axe
12:35 Horse Collar
12:59 Gold Mining
15:43 Man-at-Arms
20:27 Castle Age
24:30 Light Cavalry
25:21 Bloodlines
25:24 Long Swordsman
28:04 Stone Mining
28:03 Elite Skirmisher
29:34 Crossbowman
35:57 Gold Shaft Mining
35:35 Bow Saw
42:30 Imperial Age
40:47 Pikeman
44:01 Halberdier
45:38 Scale Mail Armor
45:44 Scale Barding Armor
45:50 Forging
JLT_Shinoub
0:27 Loom
13:30 Feudal Age
14:47 Wheelbarrow
14:01 Horse Collar
14:19 Stone Mining
20:54 Castle Age
19:28 Fletching
20:59 Elite Skirmisher
26:59 Hand Cart
29:54 Stone Shaft Mining
31:06 Pikeman
34:16 Husbandry
35:06 Scale Barding Armor
35:13 Padded Archer Armor
35:26 Forging
35:18 Double-Bit Axe
36:38 Heavy Plow
40:43 Bloodlines
39:54 Light Cavalry
43:02 Town Watch
46:34 Imperial Age
45:54 Town Patrol
48:03 Crop Rotation
47:58 Conscription
47:39 Double Crossbow
47:36 Gold Mining
49:00 Chemistry
47:57 Murder Holes
48:23 Ballistics
48:10 Siege Engineers
47:38 Hussar
JLT_Jhoni
0:27 Loom
16:03 Feudal Age
16:31 Double-Bit Axe
16:38 Gold Mining
16:38 Stone Mining
17:27 Wheelbarrow
16:38 Town Watch
21:13 Castle Age
21:58 Bow Saw
22:27 Gold Shaft Mining
22:27 Stone Shaft Mining
21:36 Horse Collar
22:15 Hand Cart
30:56 Imperial Age
30:47 Ballistics
30:50 Elite War Elephant
32:53 Kamandaran
33:15 Conscription
34:08 Chemistry
33:04 Murder Holes
34:23 Two-Man Saw
33:51 Crossbowman
34:34 Padded Archer Armor
34:24 Fletching
35:11 Thumb Ring
37:32 Leather Archer Armor
37:08 Fletching
39:59 Ring Archer Armor
39:25 Bodkin Arrow
42:30 Heavy Plow
43:52 Scale Barding Armor
43:58 Forging
45:14 Town Patrol
FREDERICUS-HERECTUS
0:28 Loom
11:22 Feudal Age
11:57 Town Watch
12:03 Horse Collar
12:11 Double-Bit Axe
15:21 Gold Mining
15:47 Stone Mining
16:59 Man-at-Arms
24:21 Castle Age
22:19 Fletching
22:54 Scale Mail Armor
22:47 Arson
24:07 Forging
23:59 Padded Archer Armor
26:12 Bow Saw
26:05 Heavy Plow
26:44 Gold Shaft Mining
27:01 Bodkin Arrow
27:43 Ballistics
27:19 Murder Holes
27:35 Masonry
29:29 Iron Casting
28:17 Pikeman
28:58 Squires
28:20 Elite Skirmisher
36:03 Imperial Age
35:17 Chain Mail Armor
35:18 Leather Archer Armor
34:50 Gambesons
38:35 Chemistry
38:06 Architecture
41:13 Blast Furnace
42:35 Bracer
44:11 Conscription
44:00 Scale Barding Armor
46:51 Chain Barding Armor
47:57 Crop Rotation
49:18 Plate Mail Armor
49:19 Ring Archer Armor
49:28 Cavalier
51:46 Two-Man Saw
Connection lost

Rejoining the realm…

Still unreachable

The connection could not be restored.

Session expired

The server has moved on; the page needs a fresh start.